 Dungeon Crawl Stone Soup version 0.23.2-1-ga50397a (webtiles) character file.

Game seed: 12657317077508073780

79 Kahibar the Conjurer (level 4, 0/24 HPs)
             Began as a Deep Elf Conjurer on May 18, 2019.
             Slain by a gnoll
             ... wielding a cursed +0 whip
              (9 damage)
             ... on level 3 of the Dungeon.
             The game lasted 00:18:29 (2430 turns).

Kahibar the Conjurer (Deep Elf Conjurer)            Turns: 2430, Time: 00:18:30

Health: 0/24       AC:  2    Str:  5    XL:     4   Next: 17%
Magic:  7/11       EV: 13    Int: 21    God:
Gold:   134        SH:  0    Dex: 15    Spells: 9/10 levels left

rFire    . . .     SeeInvis .   a - +2 dagger (holy)
rCold    . . .     Gourm    .   (no shield)
rNeg     . . .     Faith    .   d - +0 robe
rPois    .         Spirit   .   (no helmet)
rElec    .         Reflect  .   (no cloak)
rCorr    .         Harm     .   (no gloves)
MR       .....                  (no boots)
Stlth    ++........             (no amulet)
HPRegen  0.08/turn              (no ring)
MPRegen  0.12/turn              (no ring)

@: no status effects
A: no striking features
a: no special abilities


You were on level 3 of the Dungeon.
You were not hungry.

You visited 1 branch of the dungeon, and saw 3 of its levels.

You collected 134 gold pieces.

Inventory:

Hand Weapons
 a - a +2 dagger of holy wrath (weapon)
 u - a +0 arbalest
Missiles
 g - 125 stones (quivered)
 i - 35 poisoned needles
 o - a throwing net
 r - 22 sling bullets
 s - 43 arrows
 y - 8 javelins
Armour
 d - a +0 robe (worn)
 p - a +0 robe
Jewellery
 k - a cursed ring of attention {unknown}
Scrolls
 e - a scroll of immolation {unknown}
 f - 2 scrolls of identify {unknown}
 h - 2 scrolls of remove curse {unknown}
 j - 3 scrolls of enchant armour {unknown}
 l - 2 scrolls of noise {unknown}
 m - a scroll of magic mapping {unknown}
 q - a scroll of fear {unknown}
 t - a scroll of teleportation {unknown}
 v - a scroll of fog {unknown}
Potions
 b - a potion of cancellation {unknown}
 n - 2 potions of heal wounds {unknown}
 w - a potion of lignification {unknown}
 x - 3 potions of ambrosia {unknown}
Comestibles
 c - 4 rations


   Skills:
 + Level 2.6 Dodging
 + Level 3.0 Stealth
 + Level 3.7 Spellcasting
 + Level 5.7 Conjurations


You had 9 spell levels left.
You knew the following spells:

 Your Spells              Type           Power        Failure   Level  Hunger
a - Magic Dart            Conj           ####         1%          1    None

Your spell library contained the following spells:

 Spells                   Type           Power        Failure   Level  Hunger
 Searing Ray              Conj           ####..       1%          2    ##.....
 Dazzling Spray           Conj/Hex       ###...       12%         3    ###....
 Iskenderun's Mystic Bla  Conj           ####....     12%         4    ####...
 Force Lance              Conj/Tloc      ###.....     36%         4    ####...
 Fulminant Prism          Conj/Hex       ###.......   36%         4    ####...


Dungeon Overview and Level Annotations

Branches:
Dungeon (3/15)

Altars:
Ashenzari


Message History

Aim: a gnoll, wielding a +0 whip (moderately wounded)
The magic dart hits the gnoll.
The gnoll is severely wounded.
The gnoll hits you with a +0 whip.
Casting: Magic Dart (safe; 1% risk of failure)
Confirm with . or Enter, or press ? or * to list all spells.
Aiming: Magic Dart (safe; 1% risk of failure)
Press: ? - help, Shift-Dir - straight line, f/p - gnoll
Aim: a gnoll, wielding a +0 whip (severely wounded)
The magic dart hits the gnoll!
You kill the gnoll!
Casting: Magic Dart (safe; 1% risk of failure)
Confirm with . or Enter, or press ? or * to list all spells.
Aiming: Magic Dart (safe; 1% risk of failure)
Press: ? - help, Shift-Dir - straight line, f - gnoll
Aim: a gnoll, wielding a +0 whip The magic dart hits the gnoll.
The gnoll is moderately wounded.
The gnoll hits you with a cursed +0 whip!
You die...

###.#. #####
#g# .W....
#...# #.#
....## #.#.#
#g# ..#...
#.#.# #.# #.#
## #.#.# #g#
... #.#.# #.#
###
#.#.#######g#
#.#....@gg..#
#.############
#.#..........#
#.#....<..#.##
#.#########.##
#............#
##############


You could see 3 gnolls.

Vanquished Creatures
  4 gnolls
  3 dart slugs
  An orc (D:3)
  4 giant cockroaches
  7 goblins
  4 hobgoblins
  2 bats
  A frilled lizard (D:1)
  3 kobolds
  A leopard gecko skeleton (D:2)
  6 rats
36 creatures vanquished.

Notes
Turn   | Place    | Note
-------+----------+-------------------------------------------
     0 | D:1      | Kahibar the Deep Elf Conjurer began the quest for the Orb.
     0 | D:1      | Reached XP level 1. HP: 10/10 MP: 6/6
   301 | D:1      | Reached XP level 2. HP: 12/15 MP: 4/8
   552 | D:1      | Reached skill level 5 in Conjurations
   898 | D:2      | Reached XP level 3. HP: 12/19 MP: 1/9
  1458 | D:2      | Found a shattered altar of Ashenzari.
  2239 | D:3      | Reached XP level 4. HP: 24/24 MP: 7/11
  2285 | D:3      | Noticed a phantom
  2430 | D:3      | Slain by a gnoll

Skill      XL: |  1  2  3 |
---------------+----------+-----
Conjurations   | 5 |  5.7
Stealth        | 3 |  3.0
Dodging        | |  2.6
Spellcasting   | |  3.7

Action                   |  1- 3 |  4- 6 || total
-------------------------+-------+-------++-------
 Cast: Magic Dart        |    70 |     6 ||    76
  Eat: Chunk             |     4 |       ||     4
Armor: Robe              |     1 |       ||     1
Dodge: Dodged            |    18 |       ||    18
